 Dungeon Crawl Stone Soup version 0.27-a0-1332-g84bddb5ca7 (webtiles) character file.

Game seed: 7000041197283836447

242 Sobieck the Skirmisher (level 6, -2/67 HPs)
             Began as an Ogre Berserker on June 25, 2021.
             Was a Believer of Trog.
             Slain by an iguana (12 damage)
             ... on level 4 of the Dungeon.
             The game lasted 00:07:15 (4128 turns).

Sobieck the Skirmisher (Ogre Berserker)             Turns: 4128, Time: 00:07:15

Health: -2/67      AC:  6    Str: 30    XL:     6   Next: 9%
Magic:  6/6        EV: 10    Int:  5    God:    Trog [**....]
Gold:   190        SH:  5    Dex:  8    Spells: 5/5 levels left

rFire    . . .     SeeInvis .   a - +0 mace (flame) {mace}
rCold    + . .     Faith    .   (no shield)
rNeg     . . .     Spirit   .   g - +1 animal skin
rPois    .         Reflect  +   (helmet restricted)
rElec    .         Harm     .   e - +1 cloak of the Onion {Rampage rC+ Int-3}
rCorr    .         Rampage  +   (gloves unavailable)
Will     .....                  (boots unavailable)
Stlth    +.........             n - amulet of reflection
HPRegen  0.21/turn              p - +6 ring of strength
MPRegen  0.10/turn              (no ring)

@: on berserk cooldown, slowed, very slow
A: large, unfitting armour, tough skin 1
a: Renounce Religion, Berserk, Trog's Hand


You were on level 4 of the Dungeon.
You worshipped Trog.
Trog was pleased with you.
You visited 1 branch of the dungeon, and saw 6 of its levels.

You collected 190 gold pieces.


Innate Abilities, Weirdness & Mutations

You are too large for most types of armour.
You have tough skin. (AC +1)


   Skills:
 + Level 5.9 Fighting
 + Level 4.0 Maces & Flails
 + Level 4.1 Dodging


You had 5 spell levels left.
You didn't know any spells.
Your spell library was empty.

Inventory:

Hand Weapons
 a - a +0 mace of flaming (weapon) {mace}
 b - a +0 hunting sling {sling}
   (You found it on level 1 of the Dungeon)
 r - a +2 hand axe of electrocution {axe}
   (You took it off an orc on level 4 of the Dungeon)
Missiles
 c - 85 stones (quivered) {throwing}
 d - 85 arrows
 h - 7 boomerangs {throwing}
 k - 23 poisoned darts {throwing}
 o - 14 sling bullets
 t - 13 bolts
Armour
 e - the +1 cloak of the Onion (worn) {Rampage rC+ Int-3}
   (You acquired it on level 3 of the Dungeon)

   It affects your intelligence (-3).
   It protects you from cold.
   It bestows one free step when moving towards enemies.
 g - a +1 animal skin (worn)
Jewellery
 n - an amulet of reflection (around neck)
   (You found it on level 4 of the Dungeon)
 p - a +6 ring of strength (left hand)
   (You found it on level 2 of the Dungeon)
Scrolls
 l - a scroll of magic mapping {!r}
 s - a scroll of identify {@r1}
Potions
 f - a potion of heal wounds {@q2}
 i - a potion of mutation {!q}
 j - a potion of invisibility
 m - a potion of curing {unknown}
 q - a potion of degeneration {unknown}

Dungeon Overview and Level Annotations

Branches:
Dungeon (6/15)
 Temple: D:4-7

Altars:
Kikubaaqudgha
Qazlal

Shops:
D:5

[ ........# ..... .......## .###
... ..... .....#... ..... ###..
..... .....######.##.#..... .....
...#..###...##..#(.. ....
...........#.... .. . .##
......##.....##.#( .###. ##
....#.).....###..#...##. ..
.รท...###......##@#.#..#.## .#
.....#...........l..#.#... .###
...#......................#...###
..###.......>...###........##....
...........####.# .......โ€
..#### .....##.)...###.#
.......<......
.....####.......##........).#....
[....# #........................
.....# #........#...............


You could see an iguana.


Message History

You feel very sick.
You block the adder's attack. ๐Ÿ˜ฎ HP[-5]
You take 5 damage, and now have 44/67 hp.
You hit the adder but do no damage.
You feel very sick. The adder barely misses you. The adder bites you.
You are more poisoned.
The adder poisons you! ๐Ÿ˜ฎ HP[-5]
You take 5 damage, and now have 39/67 hp.
You closely miss the adder.
You feel very sick.
The hobgoblin shouts!
You block the adder's attack. ๐Ÿ˜ฎ HP[-4]
You take 4 damage, and now have 35/67 hp.
You closely miss the adder.
You feel very sick. You block the adder's attack. The adder bites you.
* * * LOW HITPOINT WARNING * * *
๐Ÿ˜จ HP[-7]
You take 7 damage, and now have 28/67 hp.
A red film seems to cover your vision as you go berserk!
You feel yourself moving faster!
You feel mighty!
You feel sick.
The adder barely misses you. ๐Ÿ˜จ HP[+13]
You now have 100 max hp (+33).
You regained 13 hp, and now have 41/100 hp.
You miss the adder.
You feel sick. The adder bites you.
* * * LOW HITPOINT WARNING * * *
You are more poisoned.
The adder poisons you! ๐Ÿ˜จ HP[-2]
You take 2 damage, and now have 39/100 hp.
You miss the adder.
You feel sick. The adder bites you.
* * * LOW HITPOINT WARNING * * *
๐Ÿ˜จ HP[-4]
You take 4 damage, and now have 35/100 hp.
You barely miss the adder.
You feel sick.
The adder bites you but does no damage. ๐Ÿ˜จ HP[-2]
You take 2 damage, and now have 33/100 hp.
You barely miss the adder.
You feel sick.
The adder closely misses you. ๐Ÿ˜จ HP[-2]
You take 2 damage, and now have 31/100 hp.
Unknown command.
You closely miss the adder.
You feel sick. The adder bites you.
* * * LOW HITPOINT WARNING * * *
You block the adder's attack. ๐Ÿ˜จ HP[-4]
You take 4 damage, and now have 27/100 hp.
You closely miss the adder.
You feel sick.
An iguana comes into view.
You block the adder's attack. ๐Ÿ˜จ HP[-1]
You take 1 damage, and now have 26/100 hp.
You closely miss the adder.
You feel sick.
The iguana hisses angrily.
The adder barely misses you. ๐Ÿ˜ฑ HP[-1]
You take 1 damage, and now have 25/100 hp.
You closely miss the adder.
You feel sick.
The adder bites you but does no damage. ๐Ÿ˜ฑ HP[-1]
You take 1 damage, and now have 24/100 hp.
You miss the adder.
You feel sick.
The adder barely misses you. ๐Ÿ˜ฑ HP[-1]
You take 1 damage, and now have 23/100 hp.
Unknown command.
You closely miss the adder. The adder bites you.
* * * LOW HITPOINT WARNING * * *
You barely miss the adder.
You feel sick.
The adder closely misses you. ๐Ÿ˜ฑ HP[-1]
You take 1 damage, and now have 22/100 hp.
You bludgeon the adder!! You burn the adder.
You kill the adder!
Trog accepts your kill.
You feel sick.
You are no longer poisoned. ๐Ÿ˜ฑ HP[-1]
You take 1 damage, and now have 21/100 hp.
You hit the hobgoblin. You burn the hobgoblin.
You block the hobgoblin's attack.
You sock the hobgoblin! You burn the hobgoblin.
You kill the hobgoblin!
Trog accepts your kill. The iguana bites you!
* * * LOW HITPOINT WARNING * * *
๐Ÿ˜ฑ HP[-6]
You take 6 damage, and now have 15/100 hp.
You are no longer berserk.
You are exhausted.
You feel yourself slow down.
Things that are here:
a hobgoblin corpse; an adder corpse; ๐Ÿ˜ฑ HP[-5]
You now have 67 max hp (-33).
You sock the iguana! You burn the iguana. You block the iguana's attack.
The iguana bites you!
You die...

Skill      XL: |  1  2  3  4  5 |
---------------+----------------+-----
Dodging        | 3 4 |  4.1
Maces & Flails | 3 4 |  4.0
Fighting       | 5 |  5.9

Action                   |  1- 3 |  4- 6 || total
-------------------------+-------+-------++-------
Melee: Mace              |    29 |   119 ||   148
 Fire: Hunting sling     |    44 |    43 ||    87
Throw: Stone             |    13 |       ||    13
Invok: Berserk           |     1 |     4 ||     5
  Use: Scroll            |     9 |     3 ||    12
Armor: Animal skin       |     6 |    52 ||    58
Dodge: Dodged            |    16 |    78 ||    94
Block: Other             |       |    11 ||    11

Levels and vault maps discovered:
D:1:      scummos_arrival_simple_fountains, layout_basic, serial_bayou_pond_a
D:2:      layout_basic, kennysheep_generic_room_5
D:3:      layout_basic, pf_just_have_faith, hangedman_abyss_or_decor_stabs
D:4:      layout_rooms, nemelex_spade_bored_becter,
          nicolae_qazlal_style_of_elements, minmay_statues_item
D:5:      layout_loops_corners, nicolae_vehumet_altar_sigil, minivault_4,
          nicolae_stop_n_shop_1
D:6:      layout_loops_ring

Notes
Turn   | Place    | Note
-------+----------+-------------------------------------------
     0 | D:1      | Sobieck the Ogre Berserker began the quest for the Orb.
     0 | D:1      | Reached XP level 1. HP: 24/24 MP: 1/1
     0 | D:1      | magus.rc [v1.9.6]
   415 | D:1      | Reached XP level 2. HP: 31/32 MP: 2/2
  1122 | D:2      | Reached skill level 3 in Dodging
  1176 | D:3      | Reached skill level 3 in Maces & Flails
  1183 | D:5      | Entered Level 5 of the Dungeon
  1202 | D:4      | Found a stormy altar of Qazlal.
  1797 | D:2      | Reached XP level 3. HP: 40/40 MP: 3/3
  2406 | D:3      | Noticed a scorpion
  2415 | D:3      | Killed a scorpion
  2416 | D:3      | Reached skill level 5 in Fighting
  2416 | D:3      | Reached XP level 4. HP: 50/50 MP: 4/4
  2966 | D:3      | Reached ** piety under Trog
  2985 | D:3      | Reached XP level 5. HP: 57/57 MP: 5/5
  3385 | D:3      | Found an ancient bone altar of Kikubaaqudgha.
  3502 | D:3      | Identified a scroll of acquirement
  3502 | D:3      | Acquired the +1 cloak of the Onion {Rampage rC+ Int-3}
  3867 | D:5      | Found Guerph's Antique Armour Shop.
  3933 | D:4      | Reached skill level 4 in Dodging
  4100 | D:4      | Reached skill level 4 in Maces & Flails
  4100 | D:4      | Reached XP level 6. HP: 66/67 MP: 6/6
  4119 | D:4      | HP: 25/100 [poisoned by an adder]
  4124 | D:4      | HP: 21/100 [poisoned by an adder]
  4128 | D:4      | Slain by an iguana

Vanquished Creatures
  A scorpion (D:3)
  A hound (D:4)
  An iguana (D:4)
  5 adders
  An adder skeleton (D:4)
  2 dart slugs
  7 orcs
  3 ball pythons
  3 bats
  10 endoplasms
  3 giant cockroaches
  5 goblins
  7 hobgoblins
  6 jackals
  3 quokkas
  2 frilled lizards
  3 kobolds
  7 rats
70 creatures vanquished.

Vanquished Creatures (others)
  A plant (D:1)
1 creature vanquished.

Grand Total: 71 creatures vanquished

Table legend:
 A = Non-vault XP
 B = Vault XP
 C = Vault XP percentage of total XP
 D = Non-vault monster count
 E = Vault monster count
 F = Vault count percentage of total count
                 A         B        C        D         E       F
            +---------+---------+-------+---------+---------+-------
      Total |     343 |       4 |   1.2 |      68 |       2 |   2.9
            +---------+---------+-------+---------+---------+-------
        D:1 |      16 |       0 |   0.0 |       9 |       0 |   0.0
        D:2 |      20 |       4 |  16.7 |      12 |       2 |  14.3
        D:3 |     183 |       0 |   0.0 |      29 |       0 |   0.0
        D:4 |     122 |       0 |   0.0 |      17 |       0 |   0.0
        D:5 |       2 |       0 |   0.0 |       1 |       0 |   0.0
            +---------+---------+-------+---------+---------+-------

Illustrated notes

Table legend:
 A = Kills in this place as a percentage of kills in entire the game.
 B = Kills by you in this place as a percentage of kills by you in the entire game.
 C = Kills by friends in this place as a percentage of kills by friends in the entire game.
 D = Other kills in this place as a percentage of other kills in the entire game.
 E = Experience gained in this place as a percentage of experience gained in the entire game.
 F = Experience gained in this place divided by the number of levels of this place that you have seen.
                   A       B       C       D       E      F
               +-------+-------+-------+-------+-------+----------------------
         Total | 100.0 | 100.0 |   N/A |   N/A | 100.0 |  57.8
       Dungeon | 100.0 | 100.0 |   N/A |   N/A | 100.0 |  57.8
               +-------+-------+-------+-------+-------+----------------------

Table legend: (Time is in decaauts)
 A = Elapsed time spent in this place.
 B = Non-inter-level travel time spent in this place.
 C = Inter-level travel time spent in this place.
 D = Time resting spent in this place.
 E = Time spent auto-exploring this place.
 F = Levels seen in this place.
 G = Mean time per level.
                   A        B        C        D        E       F      G
               +--------+--------+--------+--------+--------+-----+--------+
         Total |   4205 |   3980 |    225 |    741 |   2703 |   6 |  700.8 |
       Dungeon |   4205 |   3980 |    225 |    741 |   2703 |   6 |  700.8 |
               +--------+--------+--------+--------+--------+-----+--------+

Top non-repeatable levels by time:
     D:3: 1400 daAuts
     D:2: 1230 daAuts
     D:1: 1086 daAuts
     D:4: 459 daAuts
     D:5: 25 daAuts
     D:6: 1 daAuts
